 Dungeon Crawl Stone Soup version 0.21-a0-591-g2314aa1 (webtiles) character file.

123 Amnesiac the Chucker (level 5, -2/53 HPs)
             Began as an Ogre Arcane Marksman on Dec 22, 2017.
             Slain by Natasha (8 damage)
             ... on level 2 of the Dungeon.
             The game lasted 00:03:21 (2055 turns).

Amnesiac the Chucker (Ogre Arcane Marksman)         Turns: 2055, Time: 00:03:22

Health: -2/53      AC:  6    Str: 14    XL:     5   Next: 7%
Magic:  8/8        EV: 10    Int: 14    God:
Gold:   140        SH:  0    Dex: 10    Spells: 2/8 levels left

rFire    . . .     SeeInvis .   l - +0 dagger (venom)
rCold    . . .     Gourm    .   (no shield)
rNeg     . . .     Faith    .   a - +0 robe
rPois    .         Spirit   .   (helmet restricted)
rElec    .         Reflect  .   h - +2 cloak
rCorr    .         Harm     .   (gloves unavailable)
MR       .....                  (boots unavailable)
Stlth    ..........             (no amulet)
HPRegen  0.17/turn              o - ring of loudness (curse)
MPRegen  0.11/turn              (no ring)

@: no status effects
A: large, unfitting armour, tough skin 1
a: no special abilities


You were on level 2 of the Dungeon.
You were not hungry.

You visited 1 branch of the dungeon, and saw 2 of its levels.

You collected 140 gold pieces.

Inventory:

Hand Weapons
 l - a +0 dagger of venom (weapon)
Missiles
 c - 4 large rocks
 d - 2 throwing nets
 e - 25 stones (quivered)
 g - 8 tomahawks
Armour
 a - a +0 robe (worn)
 h - a +2 cloak (worn)
Jewellery
 o - a cursed ring of loudness (left hand)
 s - an uncursed ring of ice {unknown}
Scrolls
 j - a scroll of fog {!r, unknown}
 n - a scroll of enchant armour {!r, unknown}
 p - 2 scrolls of teleportation {!r, unknown}
 q - a scroll of amnesia {!r, unknown}
 t - a scroll of enchant weapon {!r, unknown}
 v - a scroll of remove curse {!r, unknown}
Potions
 k - a potion of haste {!q, unknown}
 m - a potion of berserk rage {!q, unknown}
 r - a potion of brilliance {!q, unknown}
 u - 2 potions of curing {!q, unknown}
Books
 b - a book of Debilitation

   Spells                             Type                      Level
   a - Corona                         Hexes                        1
   b - Slow                           Hexes                        2
   c - Inner Flame                    Hexes/Fire                   3
   d - Portal Projectile              Hexes/Translocation          3
   e - Cause Fear                     Hexes                        4
   f - Leda's Liquefaction            Hexes/Earth                  4
Comestibles
 f - a ration


   Skills:
 + Level 3.3 Fighting
 * Level 3.9 Throwing
 - Level 1.7 Dodging
 - Level 2.0 Spellcasting
 - Level 3.0 Hexes


You had 2 spell levels left.
You knew the following spells:

 Your Spells              Type           Power        Failure   Level  Hunger
a - Corona                Hex            #......      7%          1    ##.....
b - Portal Projectile     Hex/Tloc       #.....       36%         3    ####...
e - Slow                  Hex            #.......     11%         2    ###....


Dungeon Overview and Level Annotations

Branches:
Dungeon (2/15)

Altars:

Annotations:
D:2 Natasha


Innate Abilities, Weirdness & Mutations

You are too large for most types of armour.
You have tough skin. (AC +1)


Message History

Press: ? - help, Shift-Dir - straight line, f/p - Natasha
Aim: Natasha (lightly wounded, unusually resistant)
You throw a stone. The stone closely misses Natasha.
You barely miss Natasha.
Natasha is lightly wounded.
Natasha barely misses you.
You barely miss Natasha.
Natasha is lightly wounded.
Natasha closely misses you.
You hit Natasha.
Natasha is lightly wounded.
Natasha hisses.
Natasha barely misses you.
You barely miss Natasha.
Natasha is lightly wounded.
Natasha casts a spell at you. The magic dart hits you!
You barely miss Natasha.
Natasha is lightly wounded.
Natasha claws you.
You hit Natasha but do no damage.
Natasha is lightly wounded.
Natasha mumbles some strange words.
You closely miss Natasha.
Natasha is lightly wounded.
Natasha claws you but does no damage.
You closely miss Natasha.
Natasha is lightly wounded.
Natasha claws you. The iron imp hits you.
You completely miss Natasha.
Natasha is lightly wounded.
Natasha closely misses you. The iron imp hits you!
* * * LOW HITPOINT WARNING * * *
You closely miss Natasha.
Natasha is lightly wounded.
Natasha claws you.
* * * LOW HITPOINT WARNING * * *
The iron imp hits you.
* * * LOW HITPOINT WARNING * * *
You closely miss Natasha.
Natasha is lightly wounded.
Natasha mumbles some strange words.
You feel disoriented. Natasha claws you!
* * * LOW HITPOINT WARNING * * *
The iron imp hits you!
* * * LOW HITPOINT WARNING * * *
You hit Natasha.
Natasha is moderately wounded.
Natasha claws you.
* * * LOW HITPOINT WARNING * * *
You hit Natasha but do no damage.
Natasha is moderately wounded.
Natasha claws you but does no damage. The iron imp barely misses you.
Unknown command.
You hit Natasha but do no damage.
Natasha is moderately wounded.
Natasha casts a spell.
The iron imp barely misses you.
Unknown command.
You hit Natasha but do no damage.
Natasha is moderately wounded.
Natasha claws you!
You die...

#.#.##.# #....########
#.#.##.###....##......
#.#.##........##....[.
#.#<######.#####......
#.###......# #......
#..รท.......# ###......
#..........# #.'......
#...5......# #.#......
#....@.....# #.#......
#...h......# #.##.....
#######...5......# #.##.....
#................# #.##.....
#......(.........# #.##.....
#................###.##.....
#........######.............
#...(....# #########.....
#........# #.....


You could see an iron imp, Natasha and a shadow imp.

Vanquished Creatures
  Natasha (D:2)
  4 adders (D:2)
  An ooze (D:1)
  A worm (D:2)
  3 leopard geckos (D:1)
  A ball python (D:2)
  5 bats
  5 giant cockroaches (D:2)
  6 goblins
  7 hobgoblins
  2 jackals (D:2)
  2 frilled lizards
  6 kobolds
  8 rats
52 creatures vanquished.

Notes
Turn   | Place    | Note
-------+----------+-------------------------------------------
     0 | D:1      | Amnesiac the Ogre Arcane Marksman began the quest for the Orb.
     0 | D:1      | Reached XP level 1. HP: 19/19 MP: 2/2
   258 | D:1      | Reached XP level 2. HP: 27/28 MP: 2/4
   270 | D:1      | Learned a level 2 spell: Slow
   542 | D:1      | Reached XP level 3. HP: 32/35 MP: 5/5
  1252 | D:2      | Reached XP level 4. HP: 35/44 MP: 7/7
  1323 | D:2      | Learned a level 3 spell: Portal Projectile
  1397 | D:2      | Noticed Natasha
  1411 | D:2      | Killed Natasha
  1633 | D:2      | Reached XP level 5. HP: 48/53 MP: 8/8
  2034 | D:2      | Noticed Natasha
  2055 | D:2      | Slain by Natasha

Vault maps used:
D:1:      dpeg_arrival_erosion, palyth_stone_intersect, roderic_lattice_a
D:2:      uniq_natasha, uniq_terence

Skill      XL: |  1  2  3  4 |
---------------+-------------+-----
Fighting       | 2 3 |  3.3
Spellcasting   | 2 |  2.0
Hexes          | 3 |  3.0
Throwing       | 3 |  3.9
Dodging        | |  1.7

Action                   |  1- 3 |  4- 6 || total
-------------------------+-------+-------++-------
Melee: Short sword       |    20 |       ||    20
       Unarmed           |     5 |       ||     5
       Dagger            |    68 |    82 ||   150
Throw: Stone             |    53 |    68 ||   121
       Large rock        |     2 |       ||     2
 Cast: Corona            |     6 |       ||     6
  Eat: Chunk             |     1 |     3 ||     4
Armor: Robe              |    35 |    35 ||    70
Dodge: Dodged            |    51 |    41 ||    92

Table legend:
 A = Spawn XP
 B = Non-spawn XP
 C = Spawn XP percentage of total XP
 D = Spawn monster count
 E = Non-spawn monster count
 F = Spawn count percentage of total count
 G = Total turns spent on level
                    A         B        C        D         E        F      G
               +---------+---------+-------+---------+---------+-------+---------
         Total |       0 |     177 |   0.0 |       0 |      52 |   0.0 |  2055
               +---------+---------+-------+---------+---------+-------+---------
           D:1 |       0 |      46 |   0.0 |       0 |      24 |   0.0 |  1129
           D:2 |       0 |     131 |   0.0 |       0 |      28 |   0.0 |   926
               +---------+---------+-------+---------+---------+-------+---------
